 Dungeon Crawl Stone Soup version 0.30-a0-272-gf98c3da03f (webtiles) character file.

Game seed: 17914862356008905142

61 bande the Trooper (level 4, -2/29 HPs)
             Began as a Gargoyle Fighter on Oct 15, 2022.
             Killed from afar by Ijyb (7 damage)
             ... with a bolt of light
             ... on level 3 of the Dungeon.
             The game lasted 00:02:38 (1588 turns).

bande the Trooper (Gargoyle Fighter)                Turns: 1588, Time: 00:02:38

Health: -2/29      AC: 10    Str: 25    XL:     4   Next: 7%
Magic:  4/4        EV:  9    Int:  9    God:
Gold:   127        SH:  0    Dex: 11    Spells: 3/3 levels left

rFire   . . .      SeeInvis .    a - +0 war axe
rCold   . . .      Faith    .    c - +0 buckler
rNeg    + . .      Spirit   .    b - +0 scale mail
rPois   ∞          Reflect  .    (no helmet)
rElec   +          Harm     .    (no cloak)
rCorr   .          Rampage  .    (no gloves)
Will    .....                    (no boots)
Stlth   ..........               l - amulet of regeneration
HPRegen 1.04/turn                f - +6 ring of strength
MPRegen 0.09/turn                (no ring)

@: confused, mighty
A: sickness immunity, AC +3, negative energy resistance 1, electricity
resistance, torment resistance 1, petrification resistance
a: no special abilities


You were on level 3 of the Dungeon.
You visited 1 branch of the dungeon, and saw 3 of its levels.

You collected 127 gold pieces.

Inventory:

Hand Weapons
 a - a +0 war axe (weapon)
Armour
 b - a +0 scale mail (worn)
 c - a +0 buckler (worn)
Jewellery
 e - an amulet of magic regeneration
 f - a +6 ring of strength (left hand)
 l - an amulet of regeneration (around neck)
Scrolls
 i - a scroll of enchant weapon {unknown}
 j - a scroll of fog {unknown}
 n - a scroll of silence {unknown}
 o - a scroll of blinking {unknown}
 p - a scroll of teleportation {unknown}
 q - a scroll of brand weapon {unknown}
Potions
 d - a potion of might
 g - 2 potions of attraction {unknown}
 h - 3 potions of heal wounds {unknown}
 k - a potion of invisibility {unknown}
 m - a potion of brilliance {unknown}


   Skills:
 + Level 4.0 Fighting
 + Level 2.3 Axes
 + Level 3.9 Armour
 - Level 0.1 Stealth
 + Level 3.6 Shields


You had 3 spell levels left.
You didn't know any spells.
Your spell library contained the following spells:

 Spells                   Type           Power      Damage    Failure   Level
 Poisonous Vapours        Pois/Air       0%         N/A       88%         2
 Mephitic Cloud           Conj/Pois/Air  0%         N/A       98%         3
 Cigotuvi's Dreadful Rot  Necr/Pois/Air  Unusable   N/A       N/A         2

Dungeon Overview and Level Annotations

Branches:
Dungeon (3/15)

Altars:

Annotations:
D:3 Ijyb


Innate Abilities, Weirdness & Mutations

You are immune to sickness and miasma.
Your stone body is resilient. (AC +3)
You are immune to poison.
You resist negative energy. (rN+)
You are resistant to electric shocks. (rElec)
You are resistant to unholy torment.
You are immune to petrification.


Message History

Ijyb is lightly wounded.
Ijyb zaps a wand.
The bolt of light hits you! Ijyb hits you but does no damage.
You barely miss Ijyb.
Ijyb is lightly wounded.
Ijyb closely misses you.
You closely miss Ijyb.
Ijyb is lightly wounded.
Ijyb hits you but does no damage.
You hit Ijyb.
Ijyb is moderately wounded.
Ijyb screams, "Die!"
Ijyb zaps a wand.
The bolt of light hits you but does no damage.
Ijyb barely misses you.
You hit Ijyb but do no damage.
Ijyb is moderately wounded.
You block Ijyb's attack.
You hit Ijyb but do no damage.
Ijyb is moderately wounded.
Ijyb zaps a wand.
The bolt of light hits you! Ijyb hits you with a +0 dagger.
You barely miss Ijyb.
Ijyb is moderately wounded.
Ijyb zaps a wand.
The bolt of light hits you!
You are too injured to fight recklessly!
You are too injured to fight recklessly!
You are too injured to fight recklessly!
You are too injured to fight recklessly!
You are too injured to fight recklessly!
You miss Ijyb.
Ijyb is moderately wounded.
Ijyb zaps a wand.
The bolt of light hits you but does no damage.
You are confused.
You miss Ijyb.
Ijyb is moderately wounded.
Ijyb hits you but does no damage.
Ijyb zaps a wand.
The bolt of light hits you!
* * * LOW HITPOINT WARNING * * *
You feel very mighty all of a sudden.
Ijyb zaps a wand.
The bolt of light hits you!
You die...

#.#########
#.........# ###
........#.# ..#
#######.#.####..#
#...#.##$...#
#.###.##....#
#..<#.##....#
#####.##.g..#
#.....##.@..##
#.######.....# #.#
#......# ####.#
#......#
#....#####......###
#.##...............
#.##.######....####
###.##.#### #....#
##.........# ######


You could see Ijyb.

Vanquished Creatures
  An iguana (D:2)
  An adder (D:2)
  3 ball pythons (D:1)
  2 endoplasms (D:1)
  4 goblins
  A hobgoblin (D:2)
  4 jackals (D:1)
  A quokka (D:1)
  A bat (D:1)
  A frilled lizard (D:2)
  2 kobolds (D:1)
  5 rats
26 creatures vanquished.

Notes
Turn   | Place    | Note
-------+----------+-------------------------------------------
     0 | D:1      | bande the Gargoyle Fighter began the quest for the Orb.
     0 | D:1      | Reached XP level 1. HP: 14/14 MP: 1/1
     0 | D:1      | Noticed a demonspawn zombie
     3 | D:1      | Noticed a minotaur zombie
     7 | D:1      | Noticed a demonspawn zombie
    10 | D:1      | Noticed a merfolk zombie
   293 | D:1      | Reached XP level 2. HP: 19/19 MP: 2/2
   462 | D:1      | Found a faded altar of an unknown god.
  1129 | D:2      | Reached skill level 4 in Fighting
  1129 | D:2      | Reached XP level 3. HP: 24/24 MP: 3/3
  1352 | D:2      | Reached XP level 4. HP: 29/29 MP: 4/4
  1572 | D:3      | Noticed Ijyb
  1588 | D:3      | Killed from afar by Ijyb

Illustrated notes

Levels and vault maps discovered:
D:1:      shiori_arrival_whats_in_store_for_you, layout_loops_ring,
          hellmonk_ecumenical_altar_heavens_door, minmay_tromino_v2
D:2:      layout_loops_cross
D:3:      layout_basic, serial_shops, shop, amcnicky_mini_rare_corridor_liquid,
          uniq_ijyb

Skill      XL: |  1  2 |
---------------+-------+-----
Fighting       | 4 |  4.0
Axes           | 2 |  2.3
Armour         | |  3.9
Stealth        | |  0.1
Shields        | |  3.6

Action                   |  1- 3 |  4- 6 || total
-------------------------+-------+-------++-------
Melee: War axe           |    68 |    14 ||    82
  Use: Potion            |       |     1 ||     1
Armor: Scale mail        |    33 |    10 ||    43
Dodge: Dodged            |    35 |     5 ||    40
Block: Buckler           |    18 |     2 ||    20

Table legend: (Time is in decaauts)
 A = Elapsed time spent in this place.
 B = Non-inter-level travel time spent in this place.
 C = Inter-level travel time spent in this place.
 D = Time resting spent in this place.
 E = Time spent auto-exploring this place.
 F = Levels seen in this place.
 G = Mean time per level.
                   A        B        C        D        E       F      G
               +--------+--------+--------+--------+--------+-----+--------+
         Total |   1623 |   1594 |     29 |    128 |   1215 |   3 |  541.0 |
       Dungeon |   1623 |   1594 |     29 |    128 |   1215 |   3 |  541.0 |
               +--------+--------+--------+--------+--------+-----+--------+

Top non-repeatable levels by time:
     D:1: 873 daAuts
     D:2: 655 daAuts
     D:3: 93 daAuts
